 Dungeon Crawl Stone Soup version 0.30-a0-696-g2367cd04db (webtiles) character file.

Game seed: 8181374615593702014

138 Woods the Sneak (level 5, 0/31 HPs)
             Began as an Octopode Fire Elementalist on Jan 21, 2023.
             Slain by an orc wizard
             ... wielding a +0 dagger
              (3 damage)
             ... on level 3 of the Dungeon.
             The game lasted 00:05:33 (2962 turns).

Woods the Sneak (Octopode Fire Elementalist)        Turns: 2962, Time: 00:05:34

Health: 0/31       AC:  1    Str:  7    XL:     5   Next: 21%
Magic:  3/9        EV: 13    Int: 20    God:
Gold:   90         SH:  0    Dex: 12    Spells: 0/9 levels left

rFire   . . .      SeeInvis .    f - +1 short sword (protect)
rCold   . . .      Faith    .    (no shield)
rNeg    . . .      Spirit   .    (helmet restricted)
rPois   +          Reflect  .    (no amulet)
rElec   .          Harm     .    d - ring of poison resistance
rCorr   .          Rampage  .    (no ring)
Will    .....                    (no ring)
Stlth   ++++                     (no ring)
HPRegen 0.25/turn                (no ring)
MPRegen 0.11/turn                (no ring)
                                 (no ring)
                                 (no ring)

@: no status effects
A: almost no armour, amphibious, 8 rings, camouflage 1, gelatinous body 1,
(nimble swimmer 1), tentacles
a: no special abilities


You were on level 3 of the Dungeon.
You visited 1 branch of the dungeon, and saw 3 of its levels.

You collected 90 gold pieces.

Inventory:

Hand Weapons
 f - a +1 short sword of protection (weapon)
Jewellery
 d - a ring of poison resistance (left tentacle)
Scrolls
 b - 4 scrolls of identify {unknown}
 e - a scroll of amnesia {unknown}
 g - a scroll of noise {unknown}
Potions
 a - a potion of magic
 c - a potion of brilliance {unknown}


   Skills:
 + Level 2.7 Dodging
 * Level 4.6 Stealth
 * Level 2.9 Spellcasting
 + Level 1.9 Conjurations
 + Level 3.5 Fire Magic


You couldn't memorise any spells.
You knew the following spells:

 Your Spells              Type           Power      Damage    Failure   Level
a - Foxfire               Conj/Fire      56%        2x1d6     4%          1
b - Scorch                Fire           34%        2d6       4%          2
c - Inner Flame           Hex/Fire       10%        N/A       21%         3
d - Kindle Blastsparks    Fire/Tloc/Air  14%        2d11      26%         3

Your spell library contained the following spells:

 Spells                   Type           Power      Damage    Failure   Level
 Flame Wave               Conj/Fire      14%        2d6       41%         4


Dungeon Overview and Level Annotations

Branches:
Dungeon (3/15)

Altars:


Innate Abilities, Weirdness & Mutations

You cannot wear most types of armour.
You are amphibious.
You can wear up to eight rings at the same time.
Your skin changes colour to match your surroundings (Stealth+).
Your rubbery body absorbs attacks. (AC +1, EV +1)
((You are camouflaged when in or above water. (Stealth+)))
You have tentacles for arms and can constrict up to eight enemies at once.


Message History

The foxfire hits something.
You are more confused.
The orc throws a boomerang.
The boomerang misses you.
A magic dart appears from out of thin air!
The magic dart hits you.
You bump into the rock wall.
An orc comes into view. It is wielding a +0 short sword.
The orc throws a boomerang.
You feel less confused. Something hits you. Something hits you.
The orc throws a boomerang.
The boomerang misses you. Something hits you.
The orc throws a boomerang.
The boomerang hits you.
The orc throws a boomerang.
The boomerang misses you. Something hits you. Something hits you.
* * * LOW HITPOINT WARNING * * *
You hit something.
Your weapon exudes an aura of protection.
You hear some strange, mumbled words.
A magic dart appears from out of thin air!
The magic dart hits you!
* * * LOW HITPOINT WARNING * * *
Something hits you but does no damage. Something hits you but does no damage.
Casting: Foxfire (safe; 4% risk of failure)
Confirm with . or Enter, or press ? or * to list all spells.
The spell is quite dangerous to miscast (26% risk of failure)!
Continue anyway?
You miscast Kindle Blastsparks.
You are very lightly contaminated with residual magic.
Nothing appears to happen.
Something barely misses you. Something barely misses you.
Things that are here:
a +0 spear; a gnoll skeleton Something hits you.
* * * LOW HITPOINT WARNING * * *
Your magical contamination has completely faded away.
Something hits you.
You die...

#.....##
#........#
#.########
##...##
#####.####
#. ##+## #.#
# #.# #.#
#.# #o#
###.#####
#)#
#.g..g..#
#o#
#.#####.#
#{# #.#
#.########@#
#.#
#..........#
..#
#.##########
#.#####.#
#.......#
#########


You could see 2 orcs.

Vanquished Creatures
  4 gnolls (D:3)
  3 adders (D:2)
  2 worms
  2 dart slugs
  2 orcs (D:3)
  6 ball pythons
  4 endoplasms
  6 giant cockroaches
  4 goblins
  8 hobgoblins
  4 jackals (D:2)
  2 kobolds
  A quokka (D:3)
  2 bats
  2 frilled lizards
  5 rats
57 creatures vanquished.

Vanquished Creatures (others)
  45 foxfires
45 creatures vanquished.

Grand Total: 102 creatures vanquished

Notes
Turn   | Place    | Note
-------+----------+-------------------------------------------
     0 | D:1      | Woods the Octopode Fire Elementalist began the quest for
                  | the Orb.
     0 | D:1      | Reached XP level 1. HP: 11/11 MP: 3/3
   111 | D:1      | Reached skill level 3 in Stealth
   151 | D:1      | Reached XP level 2. HP: 16/17 MP: 5/5
   180 | D:1      | Learned a level 2 spell: Scorch
   869 | D:1      | Reached XP level 3. HP: 21/21 MP: 3/6
   873 | D:1      | Learned a level 3 spell: Inner Flame
  1794 | D:2      | Reached skill level 4 in Stealth
  1794 | D:2      | Reached XP level 4. HP: 27/27 MP: 3/7
  2754 | D:3      | Reached XP level 5. HP: 21/31 MP: 5/9
  2792 | D:3      | Learned a level 3 spell: Kindle Blastsparks
  2962 | D:3      | Slain by an orc wizard

Illustrated notes

Levels and vault maps discovered:
D:1:      minmay_arrival_four_houses, layout_rooms, serial_co_window_serial,
          co_window_of_opportunity_a, co_window_of_opportunity_a,
          co_window_paths_a, co_window_corner_a, co_window_paths_a,
          co_window_corner_a, co_window_corner_a, co_window_paths_a,
          co_window_paths_b, co_window_of_opportunity_b, co_window_corner_cb,
          co_window_2corner, co_window_4corner_b, co_window_4corner_a,
          glass_columns_b, glass_columns_a, glass_columns_a, st_stairs_9,
          chequers_serial_rivers_micro_a
D:2:      layout_loops_ring, minmay_misc_feat_tower,
          hangedman_decor_peaks_small, skrybe_limestone_x,
          roderic_roman_lattice, st_stairs_12
D:3:      layout_loops_corners, serial_shops, nicolae_shop_waterfront

Skill      XL: |  1  2  3 |
---------------+----------+-----
Stealth        | 3 4 |  4.6
Dodging        | |  2.7
Spellcasting   | |  2.9
Conjurations   | |  1.9
Fire Magic     | |  3.5

Action                   |  1- 3 |  4- 6 || total
-------------------------+-------+-------++-------
Melee: Unarmed           |    62 |     7 ||    69
       Tentacles         |    15 |     7 ||    22
       Constrict         |    12 |     8 ||    20
       Short sword       |       |    14 ||    14
 Cast: Foxfire           |    14 |    15 ||    29
       Scorch            |    15 |    18 ||    33
 Stab: Sleeping          |     5 |     3 ||     8
Armor: Skin              |     4 |     4 ||     8
Dodge: Dodged            |    41 |    22 ||    63

Table legend: (Time is in decaauts)
 A = Elapsed time spent in this place.
 B = Non-inter-level travel time spent in this place.
 C = Inter-level travel time spent in this place.
 D = Time resting spent in this place.
 E = Time spent auto-exploring this place.
 F = Levels seen in this place.
 G = Mean time per level.
                   A        B        C        D        E       F      G
               +--------+--------+--------+--------+--------+-----+--------+
         Total |   2961 |   2899 |     62 |    105 |   2212 |   3 |  987.0 |
       Dungeon |   2961 |   2899 |     62 |    105 |   2212 |   3 |  987.0 |
               +--------+--------+--------+--------+--------+-----+--------+

Top non-repeatable levels by time:
     D:2: 1173 daAuts
     D:1: 1170 daAuts
     D:3: 617 daAuts
